 Dungeon Crawl Stone Soup version 0.29.1-12-g30fa7ad0bf (webtiles) character file.

Game seed: 13792366493240891024

72 Descartes the Chopper (level 4, -9/35 HPs)
             Began as a Formicid Monk on Jan 16, 2023.
             Mangled by a gnoll
             ... wielding a +0 flail
              (10 damage)
             ... on level 2 of the Dungeon.
             The game lasted 00:03:13 (1828 turns).

Descartes the Chopper (Formicid Monk)               Turns: 1828, Time: 00:03:13

Health: -9/35      AC:  5    Str: 18    XL:     4   Next: 48%
Magic:  5/5        EV: 11    Int:  9    God:
Gold:   92         SH:  0    Dex: 16    Spells: 3/3 levels left

rFire   . . .      SeeInvis +   a - +0 hand axe
rCold   . . .      Faith    .   (no shield)
rNeg    . . .      Spirit   .   d - +0 ring mail
rPois   .          Reflect  .   (helmet unavailable)
rElec   .          Harm     .   (no cloak)
rCorr   .          Rampage  .   (no gloves)
Will    .....                   (no boots)
Stlth   ++........              (no amulet)
HPRegen 0.11/turn               (no ring)
MPRegen 0.09/turn               (no ring)

@: no status effects
A: permanent stasis, dig shafts and tunnels, antennae 3, four strong arms
a: Dig, Shaft Self


You were on level 2 of the Dungeon.
You visited 1 branch of the dungeon, and saw 2 of its levels.

You collected 92 gold pieces.

Inventory:

Hand Weapons
 a - a +0 hand axe (weapon)
Armour
 b - a +0 robe
 d - a +0 ring mail (worn)
 h - a +0 chain mail
Jewellery
 j - a ring of magical power
Scrolls
 e - 4 scrolls of identify {unknown}
 f - a scroll of teleportation {unknown}
 g - a scroll of brand weapon {unknown}
 i - a scroll of fear {unknown}
 k - a scroll of butterflies {unknown}


   Skills:
 - Level 3.2 Fighting
 + Level 3.7 Axes
 + Level 2.2 Armour
 - Level 2.6 Dodging
 - Level 2.4 Stealth
 + Level 2.3 Invocations


You had 3 spell levels left.
You didn't know any spells.
Your spell library was empty.

Dungeon Overview and Level Annotations

Branches:
Dungeon (2/15)

Altars:
Ru

Shops:
D:1 [


Innate Abilities, Weirdness & Mutations

You cannot be hasted, slowed, berserked, paralysed or teleported.
You can dig through walls and to a lower floor.
You have a pair of large antennae on your head. (SInv)
Your four strong arms can wield two-handed weapons with a shield.


Message History

You are too injured to fight recklessly!
Unknown command.
You hit the gnoll.
You kill the gnoll!
You closely miss the gnoll. You hit the gnoll. The gnoll misses you.
The gnoll closely misses you.
Unknown command.
You hit the gnoll but do no damage.
The gnoll is moderately wounded.
You hit the gnoll. The gnoll hits you with a +0 flail.
The gnoll hits you but does no damage.
Unknown command.
You hit the gnoll but do no damage.
The gnoll is moderately wounded.
You completely miss the gnoll. The gnoll hits you with a +0 club.
* * * LOW HITPOINT WARNING * * *
The gnoll closely misses you. The gnoll hits you with a +0 club.
* * * LOW HITPOINT WARNING * * *
The gnoll misses you.
You are confused.
You feel invigorated. The gnoll closely misses you.
The gnoll barely misses you.
You barely miss the gnoll.
The gnoll is moderately wounded.
You hit the gnoll but do no damage. The gnoll hits you but does no damage.
The gnoll hits you with a +0 club.
* * * LOW HITPOINT WARNING * * *
The gnoll hits you with a +0 flail.
* * * LOW HITPOINT WARNING * * *
The gnoll closely misses you.
You see here a +0 club.
You're too confused to move!
You feel less invigorated.
You feel less confused. The gnoll hits you with a +0 flail!
* * * LOW HITPOINT WARNING * * *
The gnoll barely misses you.
You slash the gnoll!
The gnoll is severely wounded.
You hit the gnoll. The gnoll hits you with a +0 flail!
You die...

#.#.#.## #.#.#.# ##
#.#.#.# +.#########
#.#.#.# #.........#
#.#.#.# #.........#
#.#.#.#.## #........(#
#.#.#.#... #.........#
#.#.#.#### #...g@....#
#.#.#..... #...?g....#
#.#.###### #.........#
#.#....... ###..######
#.#######.
########.########.......#.
.......!..................
###########......######.##
#......# #.# ##.....# #.##


You could see 2 gnolls.

Vanquished Creatures
  2 gnolls
  An adder (D:2)
  2 dart slugs
  4 ball pythons
  5 bats (D:1)
  4 endoplasms
  2 giant cockroaches
  2 hobgoblins (D:2)
  4 kobolds
  3 quokkas
  2 frilled lizards (D:1)
  3 goblins (D:1)
  2 rats (D:1)
36 creatures vanquished.

Notes
Turn   | Place    | Note
-------+----------+-------------------------------------------
     0 | D:1      | Descartes the Formicid Monk began the quest for the Orb.
     0 | D:1      | Reached XP level 1. HP: 18/18 MP: 1/1
    55 | D:1      | Found Vawiusihann's Antique Armour Shop.
   291 | D:1      | Reached XP level 2. HP: 22/24 MP: 2/2
   314 | D:1      | Reached skill level 1 in Armour
   314 | D:1      | Reached skill level 1 in Invocations
   547 | D:1      | Reached XP level 3. HP: 29/29 MP: 4/4
  1374 | D:2      | Found a sacrificial altar of Ru.
  1601 | D:2      | Reached XP level 4. HP: 35/35 MP: 5/5
  1823 | D:2      | HP: 1/35 [gnoll/+0 club (6)]
  1828 | D:2      | Mangled by a gnoll

Illustrated notes

Levels and vault maps discovered:
D:1:      shiori_arrival_oz, layout_loops_ring, serial_shops, shop,
          minmay_tripent
D:2:      layout_basic, basic_altar

Skill      XL: |  1  2  3 |
---------------+----------+-----
Armour         | 1 2 |  2.2
Invocations    | 1 2 |  2.3
Fighting       | |  3.2
Axes           | |  3.7
Dodging        | |  2.6
Stealth        | |  2.4

Action                   |  1- 3 |  4- 6 || total
-------------------------+-------+-------++-------
Melee: Hand axe          |    89 |    19 ||   108
       Punch             |     2 |       ||     2
  Use: Potion            |       |     1 ||     1
 Stab: Sleeping          |     7 |       ||     7
Armor: Ring mail         |    34 |     5 ||    39
Dodge: Dodged            |    46 |    20 ||    66
